 Dungeon Crawl Stone Soup version 0.32-a0-128-g77eb882913 (webtiles) character file.

Game seed: 12671071093893556281

240 Nattfarinn the Magician (level 6, -1/53 HPs)
             Began as an Oni Necromancer on Feb 8, 2024.
             Slain by a sky beast (5 damage)
             ... on level 4 of the Dungeon.
             The game lasted 00:03:26 (2409 turns).

Nattfarinn the Magician (Oni Necromancer)           Turns: 2409, Time: 00:03:27

Health: -1/53      AC:  3    Str: 11 (13) XL:     6   Next: 8%
Magic:  12/14      EV:  9    Int: 16 (18) God:
Gold:   179        SH:  0    Dex:  8 (9)  Spells: 15/16 levels left

rFire   . . .        p - +1 trident (protect)
rCold   . . .        (no shield)
rNeg    . . .        a - +0 robe
rPois   .            (helmet restricted)
rElec   .            (no cloak)
rCorr   .            (gloves unavailable)
SInv    .            (boots unavailable)
Will    .....        (no amulet)
Stlth   +            (no ring)
HPRegen 0.28/turn    (no ring)
MPRegen 0.14/turn

%: no passive effects
@: attractive, invisible
A: large, unfitting armour, horns 1, tough skin 1, double potion healing,
drunken brawling
a: no special abilities


You were on level 4 of the Dungeon.
You visited 1 branch of the dungeon, and saw 4 of its levels.

You collected 179 gold pieces.

Inventory:

Hand Weapons
 f - a +2 dagger of holy wrath
 p - a +1 trident of protection (weapon)
 q - a +1 arbalest of draining
Armour
 a - a +0 robe (worn)
Jewellery
 i - an amulet of reflection
Scrolls
 c - 2 scrolls of torment {unknown}
 e - 5 scrolls of identify {unknown}
 g - a scroll of enchant armour {unknown}
 h - a scroll of teleportation {unknown}
 k - a scroll of amnesia {unknown}
 l - a scroll of noise {unknown}
 o - a scroll of revelation {unknown}
Potions
 b - a potion of magic
 n - a potion of haste {unknown}


   Skills:
 - Level 1.7 Dodging
 - Level 1.4 Stealth
 * Level 5.7 Spellcasting
 + Level 4.7 Necromancy


You had 15 spell levels left.
You knew the following spells:

 Your Spells              Type           Power      Damage    Failure   Level
a - Necrotise             Necr           76%        1d7       1%          1

Your spell library contained the following spells:

 Spells                   Type           Power      Damage    Failure   Level
 Vampiric Draining        Necr           19%        2d7       6%          3
 Animate Dead             Necr           19%        N/A       21%         4
 Dazzling Flash           Conj/Hex       8%         N/A       38%         3
 Mephitic Cloud           Conj/Alch/Air  4%         N/A       38%         3
 Curse of Agony           Necr           19%        N/A       50%         5
 Silence                  Hex/Air        2%         N/A       98%         5


Dungeon Overview and Level Annotations

Branches:
Dungeon (4/15)
 Temple: D:4-7

Altars:
Elyvilon
Wu Jian


Innate Abilities, Weirdness & Mutations

You are too large for most types of armour.
You have a pair of small horns on your head.
You have tough skin. (AC +1)
You gain doubled healing and magic from potions.
Whenever you drink a healing potion, you attack all around you.


Message History

Your weapon exudes an aura of protection.
The sky beast is lightly wounded.
The sky beast hits you but does no damage.
The sky beast closely misses you.
You barely miss the sky beast. Your punch misses the sky beast.
The sky beast is lightly wounded.
The sky beast flickers out of sight!
Deactivating autopickup; reactivate with Ctrl-A.
Something hits you. Something shocks you.
You miss something. Something hits you. Something shocks you.
You miss something. Something hits you but does no damage. Something hits you.
Something shocks you.
You puncture something!
Your weapon exudes an aura of protection.
Your headbutt misses something. Something hits you but does no damage.
You completely miss something. Something hits you but does no damage.
Okay, then.
You closely miss something. Your headbutt misses something.
Something hits you but does no damage. x2
You miss something. Something hits you but does no damage.
You closely miss something. Something hits you but does no damage.
You miss something. Your headbutt misses something.
Your punch misses something. Something hits you. Something shocks you.
* * * LOW HITPOINT WARNING * * *
It was a potion of invisibility.
You fade into invisibility!
Something hits you.
* * * LOW HITPOINT WARNING * * *
Something shocks you.
* * * LOW HITPOINT WARNING * * *
It was a potion of attraction.
You feel attractive to monsters. Something hits you but does no damage.
It was a potion of degeneration.
There was something very wrong with that liquid.
You feel weakened.
You feel dopey.
You feel clumsy. Something hits you.
* * * LOW HITPOINT WARNING * * *
Something shocks you.
You die...

#o .. # #.#.#####....#
#.# ###..#.#
#........... #..
#.##...# #.......####
#..###'###..###..####.#
#.......#...#..## #
##.....###......#
##...##.##.....#
.###+###.###'###....#
.........(...~.@....#
##.#......#####.?...#
####.#.....†.##.##
#####..........
##.#####.### #... ... #
... #. ##


There were no monsters in sight!

Vanquished Creatures
  A phantom (D:3)
  An iguana (D:3)
  Natasha (thrice) (D:2)
  An adder (D:2)
  2 dart slugs
  3 orcs (D:3)
  4 bats
  9 endoplasms
  2 giant cockroaches
  5 goblins
  4 hobgoblins
  A kobold (D:1)
  3 quokkas
  7 ball pythons
  2 frilled lizards (D:3)
  A hobgoblin zombie (D:4)
  An orc zombie (D:4)
  3 rats
53 creatures vanquished.

Notes
Turn   | Place    | Note
-------+----------+-------------------------------------------
     0 | D:1      | Nattfarinn the Oni Necromancer began the quest for the Orb.
     0 | D:1      | Reached XP level 1. HP: 16/16 MP: 3/3
   357 | D:1      | Reached XP level 2. HP: 24/24 MP: 2/5
   401 | D:1      | Reached skill level 3 in Spellcasting
   862 | D:2      | Reached XP level 3. HP: 31/31 MP: 5/7
  1209 | D:2      | Noticed Natasha
  1213 | D:2      | Killed Natasha
  1214 | D:2      | Reached skill level 4 in Spellcasting
  1214 | D:2      | Reached XP level 4. HP: 32/39 MP: 6/10
  1451 | D:2      | Noticed Natasha
  1456 | D:2      | Killed Natasha
  1583 | D:2      | Noticed Natasha
  1588 | D:2      | Killed Natasha
  1589 | D:2      | Reached XP level 5. HP: 45/45 MP: 7/12
  1668 | D:3      | Noticed a phantom
  1679 | D:3      | Killed a phantom
  1680 | D:3      | Reached skill level 5 in Spellcasting
  1878 | D:3      | Found a white marble altar of Elyvilon.
  2085 | D:3      | Found a faded altar of an unknown god.
  2176 | D:3      | Found an ornate altar of the Wu Jian Council.
  2180 | D:3      | Reached XP level 6. HP: 53/53 MP: 10/14
  2287 | D:3      | You fall into a shaft and drop 1 floor!
  2373 | D:4      | Noticed a sky beast
  2409 | D:4      | Slain by a sky beast

Illustrated notes

Levels and vault maps discovered:
D:1:      dpeg_arrival_stone_temple_mockup, layout_rooms
D:2:      layout_basic, chequers_serial_rivers_marsh, uniq_natasha
D:3:      layout_loops_ring, mainiacjoe_overflow_cross_hatched,
          mainiacjoe_overflow_brackets, serial_shops, shop,
          hellmonk_ecumenical_altar_heavens_door, guppyfry_early_orc_mine
D:4:      layout_loops_ring, nicolae_ossuary_entry_giza, sigmund_army

Skill      XL: |  1  2  3  4  5 |
---------------+----------------+-----
Spellcasting   | 3 4 5 |  5.7
Necromancy     | 4 |  4.7
Dodging        | |  1.7
Stealth        | |  1.4

Action                     |  1- 3 |  4- 6 || total
---------------------------+-------+-------++-------
  Melee: Unarmed           |    12 |       ||    12
         Dagger            |    13 |     9 ||    22
         Headbutt          |     1 |     4 ||     5
         Punch             |       |     1 ||     1
         Trident           |       |    28 ||    28
   Cast: Necrotise         |    58 |    45 ||   103
    Use: Potion            |       |     3 ||     3
 Armour: Robe              |    49 |    41 ||    90
  Dodge: Dodged            |    23 |    16 ||    39

Table legend: (Time is in decaauts)
 A = Elapsed time spent in this place.
 B = Non-inter-level travel time spent in this place.
 C = Inter-level travel time spent in this place.
 D = Time resting spent in this place.
 E = Time spent auto-exploring this place.
 F = Levels seen in this place.
 G = Mean time per level.
                   A        B        C        D        E       F      G
               +--------+--------+--------+--------+--------+-----+--------+
         Total |   2415 |   2359 |     56 |      0 |   1995 |   4 |  603.8 |
       Dungeon |   2415 |   2359 |     56 |      0 |   1995 |   4 |  603.8 |
               +--------+--------+--------+--------+--------+-----+--------+

Top non-repeatable levels by time:
     D:2: 838 daAuts
     D:1: 809 daAuts
     D:3: 637 daAuts
     D:4: 129 daAuts
